 Dungeon Crawl Stone Soup version 0.18.1-48-g4cf74bf (webtiles) character file.

63 Krapule the Insei (level 4, -5/29 HPs)
             Began as an Octopode Transmuter on Aug 20, 2016.
             Slain by an orc
             ... wielding a +0 flail
              (8 damage)
             ... on level 3 of the Dungeon.
             The game lasted 00:04:35 (2082 turns).

Krapule the Insei (Octopode Transmuter)             Turns: 2082, Time: 00:04:36

Health: -5/29      AC:  1    Str:  9    XL:     4   Next: 10%
Magic:  5/7        EV: 12    Int: 15    God:
Gold:   122        SH:  0    Dex: 13    Spells: 2 memorised, 4 levels left

rFire  . . .     SeeInvis .       - Unarmed
rCold  . . .     Gourm    .     (no shield)
rNeg   . . .     Faith    .     (helmet restricted)
rPois  .         Spirit   .     (no amulet)
rElec  .         Dismiss  .     n - ring of stealth
rCorr  .         Reflect  .     (no ring)
SustAt .         Harm     .     (no ring)
MR     .....                    (no ring)
Stlth  ++++......               (no ring)
                                (no ring)
                                (no ring)
                                (no ring)

@: not resistant to hostile enchantments, stealthy
A: almost no armour, amphibious, 8 rings, constrict 8, camouflage 1, gelatinous
body 1
a: no special abilities


You were on level 3 of the Dungeon.
You were hungry.

You visited 1 branch of the dungeon, and saw 3 of its levels.

You collected 122 gold pieces.

Inventory:

Missiles
 a - 32 arrows
Jewellery
 n - a ring of stealth (left tentacle)
Scrolls
 e - a scroll of teleportation {unknown}
 h - a scroll of identify {unknown}
 i - a scroll of amnesia {unknown}
 j - a scroll of immolation {unknown}
 k - a scroll of magic mapping {unknown}
Potions
 d - a potion of heal wounds {unknown}
 f - a potion of agility {unknown}
 l - a potion of might {unknown}
Books
 b - a book of Changes

   Spells                             Type                      Level
   a - Beastly Appendage              Transmutation                1
   b - Sticks to Snakes               Transmutation                2
   c - Spider Form                    Transmutation/Poison         3
   d - Ice Form                       Ice/Transmutation            4
   e - Blade Hands                    Transmutation                5
 m - a book of the Sky

   Spells                             Type                      Level
   a - Summon Lightning Spire         Summoning/Air                4
   b - Airstrike                      Air                          4
   c - Silence                        Hexes/Air                    5
   d - Deflect Missiles               Charms/Air                   6
   e - Conjure Ball Lightning         Conjuration/Air              6
   f - Tornado                        Air                          9
Comestibles
 c - a bread ration


   Skills:
 + Level 2.2 Fighting
 + Level 2.2 Dodging
 + Level 1.7 Stealth
 + Level 3.4 Unarmed Combat
 - Level 2.0 Spellcasting
 + Level 2.8 Transmutations


You had 4 spell levels left.
You knew the following spells:

 Your Spells              Type           Power        Failure   Level  Hunger
a - Beastly Appendage     Trmt           #.....       10%         1    #......
z - Sticks to Snakes      Trmt           #.......     12%         2    ###....


Dungeon Overview and Level Annotations

Branches:
Dungeon (3/15)

Altars:
The Shining One


Innate Abilities, Weirdness & Mutations

You cannot wear most types of armour.
You are amphibious.
You can wear up to eight rings at the same time.
You can use your tentacles to constrict eight enemies at once.
Your skin changes colour to match your surroundings (Stealth).
Your rubbery body absorbs attacks (AC +1).


Message History

Your adder bites the orc but does no damage.
Your adder completely misses the orc.
The orc hits your adder with a flail.
Your adder bites the orc but does no damage.
The orc misses your adder.
Your adder bites the orc.
Your adder bites the orc but does no damage.
The orc closely misses your adder.
Your adder bites the orc.
The orc closely misses your adder.
Your adder closely misses the orc.
Your adder bites the orc but does no damage.
The orc hits your adder with a flail!
Your adder dies!
You barely miss the orc. You grab the orc.
The orc is severely wounded.
You constrict the orc, but do no damage.
The orc hits you with a flail.
* * * LOW HITPOINT WARNING * * *
You tentacle-slap the orc but do no damage.
The orc is severely wounded.
You constrict the orc. The orc hits you with a flail!
You die...

#....# #.##.#
########.##.#
............# #+#
#######.##### #.# #.#
#.# #.#######.#
##########........(##
........o@.........>#
........########.##.#
#######)# ####.##.#
#)# #.......# #..
#.##.#..# ##.#
#.##.#).### ..
#.##.#....# #.#
#.##.#.##.# ..
#.##.#(##.#


You could see an orc.

Vanquished Creatures
  2 adders
  2 giant geckos
  2 orcs (D:3)
  6 bats
  4 giant cockroaches
  5 goblins
  A hobgoblin (D:2)
  3 jackals (D:1)
  4 kobolds
  A quokka (D:3)
  A giant newt (D:1)
  7 rats
38 creatures vanquished.

Notes
Turn   | Place    | Note
--------------------------------------------------------------
     0 | D:1      | Krapule the Octopode Transmuter began the quest for the Orb.
     0 | D:1      | Reached XP level 1. HP: 13/13 MP: 3/3
     1 | D:1      | Noticed an electric eel
   475 | D:1      | Reached XP level 2. HP: 18/18 MP: 5/5
   489 | D:1      | Reached skill level 1 in Stealth
   933 | D:1      | Reached XP level 3. HP: 17/23 MP: 6/6
  1423 | D:2      | Learned a level 2 spell: Sticks to Snakes
  1638 | D:2      | Found a glowing golden altar of the Shining One.
  2057 | D:3      | Reached XP level 4. HP: 10/29 MP: 4/7
  2082 | D:3      | Slain by an orc

Skill      XL: |  1  2  3 |
---------------+----------+-----
Stealth        | 1 |  1.7
Fighting       | 2 |  2.2
Dodging        | |  2.2
Unarmed Combat | |  3.4
Spellcasting   | |  2.0
Transmutations | |  2.8

Action                   |  1- 3 |  4- 6 || total
-------------------------+-------+-------++-------
Melee: Unarmed           |    87 |     7 ||    94
       Constrict         |    23 |     2 ||    25
       Tentacles         |    17 |       ||    17
 Cast: Sticks to Snakes  |     1 |     1 ||     2
       Beastly Appendage |     1 |       ||     1
  Use: Potion            |     1 |     1 ||     2
 Stab: Sleeping          |    10 |       ||    10
  Eat: Chunk             |     3 |       ||     3
Armor: Skin              |     6 |       ||     6
Dodge: Dodged            |    42 |     1 ||    43
